 Dungeon Crawl Stone Soup version 0.30-a0-953-g5f1da4a474 (webtiles) character file.

Game seed: 101262135952601162

4323 bande the Cleaver (level 10, -1/60 HPs)
             Began as a Gargoyle Fighter on Mar 28, 2023.
             Was a Priest of Okawaru.
             Slain by a kobold brigand
             ... wielding a +0 dagger of distortion
              (22 damage)
             ... on level 8 of the Dungeon.
             The game lasted 00:13:14 (8654 turns).

bande the Cleaver (Gargoyle Fighter)                Turns: 8654, Time: 00:13:15

Health: -1/60      AC: 27    Str: 25    XL:     10   Next: 33%
Magic:  13/13      EV:  7    Int: 10    God:    Okawaru [***...]
Gold:   349        SH: 11    Dex: 13    Spells: 9/9 levels left

rFire   . . .      SeeInvis .    a - +1 war axe (protect)
rCold   . . .      Faith    .    o - +1 kite shield
rNeg    + . .      Spirit   .    B - +0 chain mail
rPois   ∞          Reflect  .    l - +0 hat {Will+}
rElec   +          Rampage  .    k - +0 cloak
rCorr   .                        (no gloves)
Will    +....                    i - +0 pair of boots Stlth
                                 (no amulet)
HPRegen 0.30/turn                f - +6 ring of strength
MPRegen 0.13/turn                (no ring)

@: under a protective aura
A: sickness immunity, AC +7, negative energy resistance 1, electricity
resistance, torment resistance 1, petrification resistance
a: Renounce Religion, Heroism


You were on level 8 of the Dungeon.
You worshipped Okawaru.
Okawaru was most pleased with you.
You visited 2 branches of the dungeon, and saw 9 of its levels.
You also visited: Ossuary.

You collected 349 gold pieces.

Inventory:

Hand Weapons
 a - a +1 war axe of protection (weapon)
 b - a +0 flail of protection
 A - a +0 war axe
Armour
 i - a +0 pair of boots (worn)
 k - a +0 cloak (worn)
 l - a +0 hat of willpower (worn)
 o - a +1 kite shield (worn)
 B - a +0 chain mail (worn)
Jewellery
 f - a +6 ring of strength (left hand)
 u - a ring of ice
Wands
 j - a wand of flame (3)
 w - a wand of quicksilver (9)
 y - a wand of roots (10)
Scrolls
 c - 3 scrolls of fear
 g - 3 scrolls of enchant weapon
 n - a scroll of fog
 p - 7 scrolls of teleportation
 r - 2 scrolls of enchant armour
 C - 2 scrolls of magic mapping
 D - a scroll of identify
 E - a scroll of acquirement {unknown}
Potions
 d - a potion of might
 e - a potion of resistance
 h - 2 potions of flight
 m - 8 potions of curing
 q - 2 potions of invisibility
 s - a potion of mutation
 t - a potion of heal wounds
 v - 4 potions of brilliance
 x - 2 potions of ambrosia
 z - a potion of haste {unknown}


   Skills:
 + Level 6.2 Fighting
 + Level 8.4 Axes
 + Level 6.6 Armour
 - Level 0.1 Stealth
 + Level 7.0 Shields
 * Level 4.9 Invocations
 * Level 4.9 Evocations


You had 9 spell levels left.
You didn't know any spells.
Your spell library contained the following spells:

 Spells                   Type           Power      Damage    Failure   Level
 Apportation              Tloc           0%         N/A       99%         1
 Magic Dart               Conj           0%         1d3       99%         1
 Necrotise                Necr           0%         1d4       99%         1
 Momentum Strike          Conj/Tloc      0%         3d8       100%        2
 Gell's Gravitas          Tloc           0%         N/A       100%        3
 Ignite Poison            Fire/Tmut/Pois 0%         N/A       100%        3
 Mephitic Cloud           Conj/Pois/Air  0%         N/A       100%        3
 Swiftness                Air            0%         N/A       100%        3
 Teleport Other           Tloc           0%         N/A       100%        3
 Vampiric Draining        Necr           0%         2d6       100%        3
 Passage of Golubria      Tloc           0%         N/A       100%        4
 Agony                    Necr           0%         N/A       100%        5
 Alistair's Intoxication  Tmut/Pois      0%         N/A       100%        5
 Plasma Beam              Fire/Air       0%         2x1d7     100%        5
 Yara's Violent Unravell  Hex/Tmut       0%         3d3       100%        5
 Dispersal                Tloc           0%         N/A       100%        6
 Call Imp                 Summ           Unusable   N/A       N/A         2
 Tukima's Dance           Hex            Unusable   N/A       N/A         3
 Summon Forest            Summ/Tloc      Unusable   N/A       N/A         5
 Statue Form              Tmut/Erth      Unusable   N/A       N/A         6

Dungeon Overview and Level Annotations

Branches:
Dungeon (8/15)             Temple (1/1) D:5         Ossuary (visited)
   Lair: D:8-11

Altars:
Cheibriados
Dithmenos
Elyvilon
Fedhas
Gozag
Hepliaklqana
Kikubaaqudgha
Makhleb
Nemelex Xobeh
Okawaru
Ru
Sif Muna
Trog
Uskayaw
Vehumet
Wu Jian
Xom
Yredelemnul
Zin
The Shining One


Innate Abilities, Weirdness & Mutations

You are immune to sickness and miasma.
Your stone body is resilient. (AC +7)
You are immune to poison.
You resist negative energy. (rN+)
You are resistant to electric shocks. (rElec)
You are resistant to unholy torment.
You are immune to petrification.


Message History

Done waiting.
You now have 349 gold pieces (gained 23).
Things that are here:
a +0 arbalest; a curare-tipped dart
There is a stone staircase leading down here.
Things that are here:
a +0 short sword; 8 poisoned darts; a kobold corpse You climb downwards.
The kobold brigand closely misses you.
The kobold brigand throws a curare-tipped dart.
You block the curare-tipped dart.
There is a stone staircase leading up here.
You closely miss the kobold brigand.
The kobold brigand hits you but does no damage.
Space warps around you.
You hit the kobold brigand but do no damage.
Your weapon exudes an aura of protection.
The kobold brigand hits you but does no damage.
Space warps horribly around you!
The kobold brigand hits you with a +0 dagger.
The kobold brigand hits you but does no damage.
Space warps around you.
You slash the kobold brigand!
The kobold brigand is moderately wounded.
You barely miss the kobold brigand. You block the kobold brigand's attack.
The kobold brigand hits you but does no damage.
Space warps horribly around you!
You slash the kobold brigand!
The kobold brigand is severely wounded.
You barely miss the kobold brigand.
The kobold brigand hits you with a +0 dagger.
You block the kobold brigand's attack.
Unknown command.
You hit the kobold brigand.
The kobold brigand is almost dead.
You hit the kobold brigand.
You hit the kobold brigand but do no damage.
You block the kobold brigand's attack.
The kobold brigand hits you with a +0 dagger of distortion.
Space warps horribly around you!!
You die...

##.#######.##############.#.
#.# #.##............... #.#
#.##.##########...#
#.#######>.#.##### #...#
#................# #...'
#########.##.....## #.K.'
#.................#####...'
#.#######.#K...........K..#
#.#...)...@K......#####...#
#.#.......K..#.#..#####.#..
#.#.........##.#...#....#..
#.#.#....<..#..#.#...####..
#.#.#.###.....##.##....###.
#.#.#..........#......[....
##.#.......#.#######....###.
#..........#..#.#.###......^
#.............#....).....##.


You could see 3 kobold brigands.

Vanquished Creatures
  The ghost of DeathPants the Cutter, a novice VSGl of Gozag (D:7)
  A shadow (D:7)
  A wyvern (D:8)
  4 yaks (D:7)
  Duvessa (D:4)
  A water moccasin (D:5)
  2 orc warriors
  An ice beast (D:7)
  An ogre (D:5)
  3 centaurs
  A sky beast (D:7)
  7 kobold brigands (D:7)
  Blork the orc (D:4)
  3 bullfrogs
  2 scorpions
  Dowan (D:4)
  4 killer bees (D:8)
  2 centaur zombies (Ossuary)
  2 jellies
  A gnoll bouda (D:6)
  Crazy Yiuf (D:2)
  2 human zombies (Ossuary)
  2 sleepcaps
  2 iguanas (D:5)
  7 orc wizards
  3 ogre zombies (Ossuary)
  8 mummies
  9 adders
  12 gnolls
  A white imp (D:8)
  3 ufetubi
  5 adder zombies (Ossuary)
  A worm (D:3)
  19 orcs
  10 ball pythons
  6 endoplasms
  3 giant cockroaches
  6 goblins
  5 hobgoblins (D:1)
  4 jackals (D:4)
  6 quokkas
  5 bats
  4 frilled lizards
  5 goblin zombies (Ossuary)
  7 hobgoblin zombies (Ossuary)
  13 kobolds
  2 kobold zombies (Ossuary)
  2 quokka zombies (Ossuary)
  2 rats (D:1)
  2 rat zombies (Ossuary)
197 creatures vanquished.

Notes
Turn   | Place    | Note
-------+----------+-------------------------------------------
     0 | D:1      | bande the Gargoyle Fighter began the quest for the Orb.
     0 | D:1      | Reached XP level 1. HP: 14/14 MP: 1/1
   119 | D:1      | Reached XP level 2. HP: 19/19 MP: 2/2
   387 | D:1      | Reached skill level 2 in Axes
   589 | D:1      | Reached XP level 3. HP: 22/24 MP: 3/3
  1311 | D:2      | Reached XP level 4. HP: 27/29 MP: 4/4
  1456 | D:2      | Found a runed translucent door.
  1457 | D:2      | Noticed Crazy Yiuf
  1469 | D:2      | Killed Crazy Yiuf
  1726 | D:3      | Reached skill level 3 in Axes
  1726 | D:3      | Reached XP level 5. HP: 33/33 MP: 5/5
  2149 | D:4      | Found a sand-covered staircase.
  2161 | Ossuary  | Entered an ossuary
  2222 | Ossuary  | Reached XP level 6. HP: 35/38 MP: 6/6
  2251 | Ossuary  | Reached skill level 4 in Axes
  2379 | Ossuary  | HP: 1/38 [mummy (14)]
  2875 | Ossuary  | Reached skill level 1 in Evocations
  2961 | Ossuary  | Reached XP level 7. HP: 42/44 MP: 7/7
  3395 | D:5      | Entered Level 5 of the Dungeon
  3411 | D:5      | Reached skill level 5 in Axes
  3971 | D:4      | Noticed Dowan
  3972 | D:4      | Noticed Duvessa
  3983 | D:4      | Killed Duvessa
  3987 | D:4      | Killed Dowan
  4042 | D:4      | Noticed Blork the orc
  4047 | D:4      | Killed Blork the orc
  4048 | D:4      | Reached skill level 5 in Shields
  4048 | D:4      | Reached XP level 8. HP: 48/48 MP: 8/8
  4116 | D:4      | Got the Notes on Friendly Battling
  4157 | D:4      | Found a hazy altar of Hepliaklqana.
  4158 | D:4      | Found a shimmering altar of Xom.
  4159 | D:4      | Noticed a spectral ugly thing
  4384 | D:5      | Found a staircase to the Ecumenical Temple.
  4403 | Temple   | Entered the Ecumenical Temple
  4482 | Temple   | Became a worshipper of Warmaster Okawaru
  4565 | D:5      | Found an ornate altar of the Wu Jian Council.
  4740 | D:5      | Reached skill level 6 in Axes
  4740 | D:5      | Reached skill level 5 in Armour
  4740 | D:5      | Reached skill level 1 in Invocations
  5403 | D:6      | Reached skill level 5 in Fighting
  5582 | D:6      | Reached * piety under Okawaru
  5670 | D:6      | Reached XP level 9. HP: 54/54 MP: 10/10
  5828 | D:6      | Reached skill level 7 in Axes
  5905 | D:6      | Got Jodduq's Atlas of Feathers and Changing
  6389 | D:7      | Found a shimmering blue altar of Sif Muna.
  6410 | D:7      | Found a radiant altar of Vehumet.
  6483 | D:7      | Reached ** piety under Okawaru
  6658 | D:7      | Noticed a torpor snail
  7024 | D:7      | Found a snail-covered altar of Cheibriados.
  7085 | D:8      | Reached *** piety under Okawaru
  7086 | D:8      | Reached skill level 8 in Axes
  7086 | D:8      | Reached XP level 10. HP: 25/60 MP: 13/13
  7784 | D:8      | Found a runed translucent gate.
  7784 | D:8      | Found a runed translucent gate.
  7786 | D:8      | Found a runed translucent gate.
  7786 | D:8      | Noticed DeathPants's ghost (novice VSGl)
  8383 | D:7      | Killed DeathPants's ghost
  8654 | D:8      | Slain by a kobold brigand

Illustrated notes

Levels and vault maps discovered:
D:1:      minmay_arrival_up_and_down, layout_basic, lemuel_flame_loot_1
D:2:      layout_loops_ring, uniq_crazy_yiuf_cottage
D:3:      layout_rooms, corexii_corridor_pit
D:4:      layout_loops_ring, regret_index_temple_of_mockery,
          gup_ossuary_entry_pyramid, kennysheep_generic_room_12, uniq_duvessa,
          uniq_blork_the_orc
D:5:      layout_cave_pools, mainiacjoe_overflow_cross_hatched,
          minmay_temple_entry_junction
D:6:      layout_rooms, minmay_a_box_with_orc_wizards_in_it
D:7:      layout_rooms, cheibriados_altar_2, mainiacjoe_overflow_swirl
D:8:      layout_basic, gammafunk_ghost_nasty_kobolds, grunt_decor_fettered
Temple:   regret_index_temple_waves

Skill      XL: |  1  2  3  4  5  6  7  8  9 10 |
---------------+-------------------------------+-----
Axes           | 2 3 4 5 6 8 |  8.4
Armour         | 4 5 6 |  6.6
Fighting       | 4 5 6 |  6.2
Shields        | 4 5 6 7 |  7.0
Evocations     | 1 2 3 4 |  4.9
Invocations    | 2 4 |  4.9
Stealth        | |  0.1

Action                     |  1- 3 |  4- 6 |  7- 9 | 10-12 || total
---------------------------+-------+-------+-------+-------++-------
  Melee: War axe           |   104 |   213 |   372 |    85 ||   774
    Use: Scroll            |    11 |     3 |    11 |       ||    25
         Potion            |       |     1 |       |       ||     1
 Armour: Scale mail        |    57 |   113 |   165 |       ||   335
         Chain mail        |       |       |   143 |    63 ||   206
  Dodge: Dodged            |    36 |    56 |   141 |    22 ||   255
  Block: Buckler           |     2 |       |       |       ||     2
         Kite shield       |    45 |   104 |   272 |    73 ||   494

Table legend: (Time is in decaauts)
 A = Elapsed time spent in this place.
 B = Non-inter-level travel time spent in this place.
 C = Inter-level travel time spent in this place.
 D = Time resting spent in this place.
 E = Time spent auto-exploring this place.
 F = Levels seen in this place.
 G = Mean time per level.
                   A        B        C        D        E       F      G
               +--------+--------+--------+--------+--------+-----+--------+
         Total |   8962 |   8697 |    265 |   1775 |   4903 |  10 |  896.2 |
       Dungeon |   7653 |   7426 |    227 |   1296 |   4560 |   8 |  956.6 |
        Temple |    106 |     68 |     38 |      0 |     56 |   1 |  106.0 |
       Ossuary |   1201 |   1201 |      0 |    479 |    287 |   1 | 1201.0 |
               +--------+--------+--------+--------+--------+-----+--------+

Top non-repeatable levels by time:
     D:7: 1365 daAuts
     D:8: 1344 daAuts
     D:5: 1212 daAuts
 Ossuary: 1201 daAuts
     D:2: 988 daAuts
     D:4: 912 daAuts
     D:1: 751 daAuts
     D:6: 655 daAuts
     D:3: 424 daAuts
  Temple: 106 daAuts
